 Dungeon Crawl Stone Soup version 0.19.5 (webtiles) character file.

5888 tricornhat the Basher (level 10, -9/75 (76) HPs)
             Began as a Demonspawn Berserker on Mar 19, 2017.
             Was a High Priest of Trog.
             Killed from afar by a gargoyle (21 damage)
             ... with a stone arrow
             ... on level 10 of the Dungeon.
             The game lasted 01:13:37 (8321 turns).

tricornhat the Basher (Demonspawn Berserker)        Turns: 8321, Time: 01:13:38

HP:   -9/75 (76)    AC: 22    Str: 27    XL:     10   Next: 52%
MP:   10/10         EV:  9    Int: 13    God:    Trog [*****.]
Gold: 612           SH:  0    Dex: 15    Spells: 0 memorised, 9 levels left

rFire  + . .     SeeInvis .     G - +0 dire flail
rCold  . . .     Gourm    .     A - +7 chain mail of Rationality {Int+2 Dex+3}
rNeg   + + .     Faith    .     (shield currently unavailable)
rPois  .         Spirit   .     I - +0 helmet "Cikauh" {rN++ Str+3 Int+3}
rElec  .         Reflect  .     E - +0 cloak
rCorr  .         Harm     .     (no gloves)
MR     .....                    (no boots)
Stlth  ..........               (no amulet)
                                b - ring of protection from fire
                                e - +2 ring of strength

@: no status effects
A: claws 1, molten scales 2, demonic guardian 1, powered by pain 1
a: Berserk, Trog's Hand, Brothers in Arms, Burn Spellbooks, Renounce Religion


You were on level 10 of the Dungeon.
You worshipped Trog.
Trog was extremely pleased with you.
You were very hungry.

You visited 1 branch of the dungeon, and saw 10 of its levels.

You collected 612 gold pieces.

Inventory:

Hand Weapons
 a - a +0 mace
 G - a +0 dire flail (weapon)
Armour
 l - a +0 shield
 w - a +0 helmet
 A - the +7 chain mail of Rationality (worn) {Int+2 Dex+3}
   (You found it on level 4 of the Dungeon)

   It affects your intelligence (+2).
   It affects your dexterity (+3).
 D - a +1 scale mail of fire resistance
 E - a +0 cloak (worn)
 I - the +0 helmet "Cikauh" (worn) {rN++ Str+3 Int+3}
   (You found it on level 8 of the Dungeon)

   It affects your strength (+3).
   It affects your intelligence (+3).
   It greatly protects you from negative energy.
Jewellery
 b - a ring of protection from fire (right claw)
 d - an uncursed ring of ice
 e - a +2 ring of strength (left claw)
Wands
 u - a wand of iceblast (2/15)
 y - a wand of enslavement (1/24)
 B - a wand of digging (12/24)
Scrolls
 h - a scroll of fear
 i - a scroll of recharging
 q - 5 scrolls of remove curse
 s - 3 scrolls of teleportation
 t - a scroll of magic mapping
 C - 4 scrolls of random uselessness {unknown}
Potions
 g - 8 potions of flight
 j - 2 potions of haste
 m - 3 potions of cancellation
 o - a potion of agility
 v - 2 potions of heal wounds {unknown}
 x - a potion of brilliance {unknown}
 z - a potion of berserk rage {unknown}
 F - a potion of resistance
 H - a potion of degeneration {unknown}
 K - a potion of curing
Comestibles
 c - 3 bread rations
 f - a royal jelly
 r - 11 meat rations


   Skills:
 + Level 6.1 Fighting
 * Level 11.6 Maces & Flails
 + Level 5.8 Armour
 - Level 1.7 Dodging
 + Level 1.2 Stealth
 + Level 4.5 Shields
 + Level 0.4 Evocations


You had 9 spell levels left.
You didn't know any spells.

Dungeon Overview and Level Annotations

Branches:
Dungeon (10/15)            Temple (0/1) D:4            Lair (0/6) D:8
    Orc (0/2) D:9

Altars:
Gozag
Kikubaaqudgha
Makhleb
Vehumet
Yredelemnul
Zin

Shops:
D:4 *   D:9 [


Innate Abilities, Weirdness & Mutations

You have sharp fingernails.
You are mostly covered in molten scales. (AC +3)
A weak demonic guardian rushes to your aid.
You sometimes gain a little power by taking damage.


Message History

The gnoll closely misses you.
You hit the gargoyle but do no damage.
The gargoyle is severely damaged.
The gargoyle hurls a stone arrow at you.
The stone arrow misses you. The stone arrow hits your ufetubus.
Your ufetubus dies!
You barely miss the gargoyle.
The gargoyle is severely damaged.
The gnoll hits you from afar with a halberd!
You hit the gargoyle but do no damage.
The gargoyle is severely damaged.
The gargoyle hurls a stone arrow at you.
The stone arrow hits you!
* * * LOW HITPOINT WARNING * * *
You closely miss the gargoyle.
The gargoyle is severely damaged.
The gnoll hits you but does no damage.
The gargoyle hurls a stone arrow at you.
The stone arrow hits you!
You die...

#.# ############# #.#
##+########...........####.#
#...........#...........##.#
###+##...........#...........##..
....$............#...........##..
........########.#...........##..
......... #.#...###.#.####..
........## #@#.### #.#.# #..
........# #9#.. ..#.# #..
#####...# #g#. ####.# #.. #...#
#...S)?.9# #.#####.
#.#.#............... #.......
###........#### ######..
..........# #.. ###..<..##.# #..
#...... .# #..


You could see a gargoyle, a gnoll and an adder.

Vanquished Creatures
  Pikel (D:7)
  The ghost of 6a6kaBkacke the Cleaver, a novice MiFi (D:6)
  6 yaks (D:9)
  A steam dragon (D:10)
  2 hell hounds (D:8)
  A sky beast (D:10)
  Duvessa (D:7)
  3 orc warriors
  A black bear (D:8)
  2 ogres
  5 phantoms
  A necrophage (D:6)
  3 centaurs
  Blork the orc (D:5)
  5 bullfrogs
  2 gnoll sergeants
  Dowan (D:7)
  4 killer bees (D:9)
  5 scorpions
  2 howler monkeys
  2 centaur zombies
  2 crimson imps (D:9)
  2 hounds
  5 orc priests
  The ghost of equalderp2856 the Scratcher, a weakling FeFi (D:3)
  A jelly (D:9)
  A bullfrog skeleton (D:4)
  Jessica (D:3)
  8 orc wizards
  3 worker ants
  A hound zombie (D:7)
  A hound skeleton (D:6)
  A worker ant zombie (D:10)
  9 adders
  7 gnolls
  A shadow imp (D:5)
  An adder zombie (D:9)
  A worm (D:3)
  3 leopard geckos
  17 orcs
  2 ball pythons
  A bat zombie (D:4)
  5 giant cockroaches
  8 goblins
  3 hobgoblins
  2 kobolds
  3 quokkas
  4 bats
  A jackal skeleton (D:5)
  6 rats
151 creatures vanquished.

Vanquished Creatures (collateral kills)
  2 hippogriffs
  A centaur (D:8)
  A bullfrog (D:3)
  An adder (D:9)
  An orc (D:6)
  4 goblins (D:5)
  A quokka (D:9)
11 creatures vanquished.

Vanquished Creatures (others)
  A slave (D:7)
  An adder (D:7)
  An orc (D:7)
3 creatures vanquished.

Grand Total: 165 creatures vanquished

Notes
Turn   | Place    | Note
-------+----------+-------------------------------------------
     0 | D:1      | tricornhat the Demonspawn Berserker began the quest for the Orb.
     0 | D:1      | Reached XP level 1. HP: 18/18 MP: 1/1
   147 | D:1      | Reached skill level 3 in Maces & Flails
   171 | D:1      | Gained mutation: You are partially covered in molten scales. (AC +2) [demonic ancestry]
   171 | D:1      | Reached XP level 2. HP: 22/24 MP: 2/2
   708 | D:2      | Gained mutation: A weak demonic guardian rushes to your aid. [demonic ancestry]
   708 | D:2      | Reached XP level 3. HP: 25/29 MP: 3/3
   876 | D:2      | Found a glowing silver altar of Zin.
  1207 | D:2      | Reached skill level 4 in Maces & Flails
  1207 | D:2      | Reached XP level 4. HP: 30/35 MP: 4/4
  1402 | D:3      | Noticed Jessica
  1403 | D:3      | Killed Jessica
  1454 | D:3      | Noticed a bullfrog
  1458 | D:3      | Killed a bullfrog
  1458 | D:3      | Gained mutation: You have sharp fingernails. [demonic ancestry]
  1458 | D:3      | Reached XP level 5. HP: 41/41 MP: 5/5
  1468 | D:3      | Noticed a phantom
  1490 | D:3      | Killed a phantom
  1490 | D:3      | Reached skill level 5 in Maces & Flails
  1560 | D:3      | Noticed equalderp2856's ghost (weakling FeFi)
  1569 | D:3      | Killed equalderp2856's ghost
  1694 | D:3      | Found a radiant altar of Vehumet.
  2009 | D:4      | Got a spiked chain mail
  2010 | D:4      | Identified the +7 chain mail of Rationality {Int+2 Dex+3} (You found it on level 4 of the Dungeon)
  2041 | D:4      | Gained mutation: You are mostly covered in molten scales. (AC +3) [demonic ancestry]
  2041 | D:4      | Reached XP level 6. HP: 45/47 MP: 6/6
  2060 | D:4      | Found Suguriz's Assorted Antiques.
  2253 | D:4      | Found an ancient bone altar of Kikubaaqudgha.
  2327 | D:4      | Reached ** piety under Trog
  2327 | D:4      | Reached skill level 6 in Maces & Flails
  2408 | D:4      | Found a staircase to the Ecumenical Temple.
  2464 | D:4      | Found a basalt altar of Yredelemnul.
  2500 | D:5      | Entered Level 5 of the Dungeon
  2880 | D:5      | Reached XP level 7. HP: 52/53 MP: 7/7
  3096 | D:5      | Reached skill level 7 in Maces & Flails
  3162 | D:5      | Reached skill level 1 in Shields
  3239 | D:5      | Noticed Blork the orc
  3256 | D:5      | Killed Blork the orc
  3591 | D:6      | Noticed 6a6kaBkacke's ghost (novice MiFi)
  3641 | D:6      | Killed 6a6kaBkacke's ghost
  3641 | D:6      | Reached skill level 8 in Maces & Flails
  3641 | D:6      | Reached skill level 1 in Stealth
  3641 | D:6      | Gained mutation: You sometimes gain a little power by taking damage. [demonic ancestry]
  3641 | D:6      | Reached XP level 8. HP: 38/60 MP: 8/8
  3812 | D:6      | Found a burning altar of Makhleb.
  3986 | D:6      | Reached *** piety under Trog
  4442 | D:6      | Found an opulent altar of Gozag.
  4647 | D:6      | You fall through a shaft for 2 floors!
  4740 | D:7      | Reached skill level 9 in Maces & Flails
  4819 | D:7      | Noticed Pikel
  4842 | D:7      | Killed Pikel
  4842 | D:7      | Reached XP level 9. HP: 60/66 MP: 9/9
  5091 | D:7      | Noticed Duvessa
  5092 | D:7      | Noticed Dowan
  5106 | D:7      | Killed Duvessa
  5106 | D:7      | Reached skill level 5 in Fighting
  5132 | D:7      | Killed Dowan
  5255 | D:7      | You fall through a shaft for 2 floors!
  5655 | D:8      | Reached skill level 10 in Maces & Flails
  5937 | D:9      | Found a staircase to the Orcish Mines.
  5972 | D:8      | Found a staircase to the Lair.
  6724 | D:8      | Reached **** piety under Trog
  6732 | D:8      | Reached skill level 5 in Armour
  7115 | D:8      | Got a fine helmet
  7126 | D:8      | Identified the cursed +0 helmet "Cikauh" {rN++ Str+3 Int+3} (You found it on level 8 of the Dungeon)
  7310 | D:9      | Reached XP level 10. HP: 73/73 MP: 10/10
  7458 | D:9      | Found Sarepsat's Armour Emporium.
  7513 | D:9      | Reached skill level 11 in Maces & Flails
  7931 | D:10     | Entered Level 10 of the Dungeon
  8179 | D:10     | Reached ***** piety under Trog
  8286 | D:10     | Noticed a gargoyle
  8321 | D:10     | Killed from afar by a gargoyle

Skill      XL: |  1  2  3  4  5  6  7  8  9 10 |
---------------+-------------------------------+-----
Maces & Flails | 3 4 5 6 8 9 10 11 | 11.6
Armour         | 2 3 4 5 |  5.8
Fighting       | 4 5 6 |  6.1
Shields        | 1 3 4 |  4.5
Stealth        | 1 |  1.2
Dodging        | |  1.7
Evocations     | |  0.4

Action                   |  1- 3 |  4- 6 |  7- 9 | 10-12 || total
-------------------------+-------+-------+-------+-------++-------
Melee: Mace              |    84 |   132 |   437 |       ||   653
       Dire flail        |       |       |    55 |   191 ||   246
Invok: Burn Spellbooks   |       |       |       |     1 ||     1
Evoke: Wand              |       |     1 |     4 |     3 ||     8
  Use: Scroll            |       |     5 |     8 |     6 ||    19
       Potion            |       |       |     7 |       ||     7
 Stab: Sleeping          |     1 |       |       |       ||     1
       Distracted        |       |     2 |       |       ||     2
  Eat: Chunk             |     1 |     2 |     8 |     1 ||    12
       Beef jerky        |       |     2 |     2 |       ||     4
       Pizza             |       |       |     1 |       ||     1
       Bread ration      |       |       |     1 |       ||     1
Armor: Animal skin       |     9 |       |       |       ||     9
       Chain mail        |    36 |    72 |   308 |    88 ||   504
Dodge: Dodged            |    47 |    43 |   129 |    57 ||   276
Block: Shield            |       |    23 |   224 |       ||   247
